 Dungeon Crawl Stone Soup version 0.28-a0-1033-g1a2f33fa85 (webtiles) character file.

Game seed: 1519256317432680460

203 meatgazer the Chopper (level 5, -2/48 HPs)
             Began as a Hill Orc Monk on Dec 7, 2021.
             Succumbed to a scorpion's poison
             ... on level 3 of the Dungeon.
             The game lasted 00:03:26 (4154 turns).

meatgazer the Chopper (Hill Orc Monk)               Turns: 4154, Time: 00:03:26

Health: -2/48      AC:  2    Str: 16    XL:     5   Next: 81%
Magic:  5/5        EV: 12    Int: 10    God:
Gold:   56         SH:  0    Dex: 13    Spells: 4/4 levels left

rFire   . . .      SeeInvis .   a - +0 hand axe
rCold   . . .      Faith    .   (no shield)
rNeg    . . .      Spirit   .   b - +0 robe
rPois   .          Reflect  .   (no helmet)
rElec   .          Harm     .   (no cloak)
rCorr   .          Rampage  .   (no gloves)
Will    .....                   (no boots)
Stlth   ++........              (no amulet)
HPRegen 0.16/turn               (no ring)
MPRegen 0.09/turn               (no ring)

@: mighty, lethally poisoned (-2 -> -18)
A: no striking features
a: no special abilities


You were on level 3 of the Dungeon.
You visited 1 branch of the dungeon, and saw 3 of its levels.

You collected 56 gold pieces.

Inventory:

Hand Weapons
 a - a +0 hand axe (weapon)
Armour
 b - a +0 robe (worn)
 g - the +0 buckler of Dogatis {Contam rPois rN+ Dex+4}
   (You acquired it on level 2 of the Dungeon)

   Dex:       It affects your dexterity (+4).
   rPois:     It protects you from poison.
   rN:        It protects you from negative energy.
   Contam:    It causes magical contamination when unequipped.
Wands
 e - a wand of flame (14)
Scrolls
 d - 2 scrolls of teleportation
 i - a scroll of enchant weapon


   Skills:
 + Level 5.4 Fighting
 + Level 5.8 Axes
 - Level 2.4 Dodging
 - Level 1.5 Stealth
 * Level 2.8 Shields


You had 4 spell levels left.
You didn't know any spells.
Your spell library contained the following spells:

 Spells                   Type           Power      Damage    Failure   Level
 Foxfire                  Conj/Fire      0%         2x1d4     36%         1
 Conjure Flame            Conj/Fire      0%         6-21      75%         3
 Inner Flame              Hex/Fire       0%         N/A       75%         3
 Flame Wave               Conj/Fire      0%         2d4       98%         4


Dungeon Overview and Level Annotations

Branches:
Dungeon (3/15)

Altars:
Wu Jian


Message History

You feel very mighty all of a sudden. The scorpion closely misses you.
The scorpion stings you!
* * * LOW HITPOINT WARNING * * *
You are lethally poisoned!
The scorpion poisons you!
You closely miss the scorpion.
The scorpion is moderately wounded.
* * * LOW HITPOINT WARNING * * *
You feel very sick. The scorpion misses you.
You slash the scorpion!
The scorpion is almost dead.
* * * LOW HITPOINT WARNING * * *
You feel sick. The scorpion barely misses you.
You hit the scorpion but do no damage.
The scorpion is almost dead.
* * * LOW HITPOINT WARNING * * *
You feel sick. The scorpion misses you.
It was a potion of heal wounds.
You feel much better.
You feel sick. The scorpion stings you.
You are more poisoned.
The scorpion poisons you! The scorpion stings you!
You are lethally poisoned!
The scorpion poisons you!
You slash the scorpion!
You kill the scorpion!
You feel extremely sick.
You closely miss the jackal.
The jackal is severely wounded.
* * * LOW HITPOINT WARNING * * *
You feel very sick. The jackal bites you.
* * * LOW HITPOINT WARNING * * *
You slash the jackal!
You kill the jackal!
You slash the jackal!
You kill the jackal!
* * * LOW HITPOINT WARNING * * *
You feel very sick.
You die...

##### ## . . .... .# # ..
#..# #.## # #.## #..# ...#
#######.#.## #.<####...###
.....##..#.###..##.†.....#
#...........(..>#.........
#...............@........#
#.........#.##..####...###
.#.........###..# ...#
.#......#.## #..# .##
..........####..# ..
.###.........(..# ## #.#
.###.♣..#).###.># ...
.....♣..#..# #..# #..
.....♣.....###..###### ###


There were no monsters in sight!

Vanquished Creatures
  A scorpion (D:3)
  A howler monkey (D:3)
  3 gnolls (D:2)
  An adder (D:3)
  A dart slug (D:3)
  2 orcs (D:3)
  6 ball pythons
  10 endoplasms
  A giant cockroach (D:3)
  2 goblins (D:2)
  5 hobgoblins
  10 jackals (D:3)
  5 kobolds
  3 quokkas
  3 bats (D:3)
  A frilled lizard (D:3)
  4 rats
59 creatures vanquished.

Notes
Turn   | Place    | Note
-------+----------+-------------------------------------------
     0 | D:1      | meatgazer the Hill Orc Monk began the quest for the Orb.
     0 | D:1      | Reached XP level 1. HP: 19/19 MP: 1/1
   221 | D:1      | Reached XP level 2. HP: 8/27 MP: 2/2
  1855 | D:2      | Reached XP level 3. HP: 24/34 MP: 3/3
  1856 | D:2      | Reached skill level 5 in Axes
  1861 | D:2      | HP: 1/34 [gnoll (9)]
  2607 | D:2      | Reached XP level 4. HP: 41/41 MP: 4/4
  3129 | D:2      | Identified a scroll of acquirement
  3131 | D:2      | Acquired the +0 buckler of Dogatis {Contam rPois rN+ Dex+4}
  3708 | D:3      | Reached skill level 1 in Shields
  3902 | D:3      | Found an ornate altar of the Wu Jian Council.
  3904 | D:3      | Reached skill level 5 in Fighting
  3943 | D:3      | Reached XP level 5. HP: 40/48 MP: 5/5
  4153 | D:3      | HP: 2/48 [poisoned by a scorpion]
  4154 | D:3      | Succumbed to a scorpion's poison

Illustrated notes

Levels and vault maps discovered:
D:1:      dpeg_arrival_triangle_fractal, layout_basic
D:2:      layout_basic, minmay_hedge_maze
D:3:      layout_loops_ring, mainiacjoe_overflow_boulevard,
          chequers_serial_rivers_micro_e

Skill      XL: |  1  2  3  4  5 |
---------------+----------------+-----
Fighting       | 4 5 |  5.4
Axes           | 5 |  5.8
Shields        | 1 2 |  2.8
Dodging        | |  2.4
Stealth        | |  1.5

Action                   |  1- 3 |  4- 6 || total
-------------------------+-------+-------++-------
Melee: Hand axe          |    93 |   104 ||   197
  Use: Scroll            |     3 |     6 ||     9
       Potion            |     1 |     2 ||     3
Armor: Robe              |     9 |    19 ||    28
Dodge: Dodged            |    46 |    75 ||   121

Table legend: (Time is in decaauts)
 A = Elapsed time spent in this place.
 B = Non-inter-level travel time spent in this place.
 C = Inter-level travel time spent in this place.
 D = Time resting spent in this place.
 E = Time spent auto-exploring this place.
 F = Levels seen in this place.
 G = Mean time per level.
                   A        B        C        D        E       F      G
               +--------+--------+--------+--------+--------+-----+--------+
         Total |   4163 |   4094 |     69 |    982 |   2674 |   3 | 1387.7 |
       Dungeon |   4163 |   4094 |     69 |    982 |   2674 |   3 | 1387.7 |
               +--------+--------+--------+--------+--------+-----+--------+

Top non-repeatable levels by time:
     D:1: 1699 daAuts
     D:2: 1484 daAuts
     D:3: 980 daAuts
